 Dungeon Crawl Stone Soup version 0.30-a0-140-gd1020e658a (webtiles) character file.

Game seed: 7365585278291718267

83 qw the Chopper (level 4, -2/28 HPs)
             Began as a Gargoyle Fighter on Sept 24, 2022.
             Slain by an orc
             ... wielding a +0 flail
              (7 damage)
             ... on level 2 of the Dungeon.
             The game lasted 00:00:29 (1268 turns).

qw the Chopper (Gargoyle Fighter)                   Turns: 1268, Time: 00:00:30

Health: -2/28      AC: 10    Str: 21    XL:     4   Next: 44%
Magic:  4/4        EV:  9    Int:  9    God:
Gold:   25         SH:  4    Dex:  9    Spells: 3/3 levels left

rFire   . . .      SeeInvis .    Y - +0 war axe
rCold   . . .      Faith    .    c - +0 buckler
rNeg    + . .      Spirit   .    b - +0 scale mail
rPois   inf        Reflect  .    (no helmet)
rElec   +          Harm     .    (no cloak)
rCorr   .          Rampage  .    (no gloves)
Will    .....                    (no boots)
Stlth   ..........               (no amulet)
HPRegen 0.09/turn                (no ring)
MPRegen 0.09/turn                (no ring)

@: no status effects
A: sickness immunity, AC +3, negative energy resistance 1, electricity
resistance, torment resistance 1, petrification resistance
a: no special abilities


You were on level 2 of the Dungeon.
You visited 1 branch of the dungeon, and saw 2 of its levels.

You collected 25 gold pieces.


Innate Abilities, Weirdness & Mutations

You are immune to sickness and miasma.
Your stone body is resilient. (AC +3)
You are immune to poison.
You resist negative energy. (rN+)
You are resistant to electric shocks. (rElec)
You are resistant to unholy torment.
You are immune to petrification.


   Skills:
 - Level 3.2 Fighting
 + Level 3.9 Axes
 - Level 0.8 Throwing
 - Level 3.2 Armour
 - Level 3.2 Shields


You had 3 spell levels left.
You didn't know any spells.
Your spell library was empty.

Inventory:

Hand Weapons
 h - a +0 whip
 Y - a +0 war axe (weapon)
Missiles
 a - 4 boomerangs (quivered)
Armour
 b - a +0 scale mail (worn)
 c - a +0 buckler (worn)
Scrolls
 e - a scroll of identify {unknown}
Potions
 d - a potion of might
 f - a potion of mutation {unknown}
 g - 2 potions of brilliance {unknown}

Dungeon Overview and Level Annotations

Branches:
Dungeon (2/15)

Altars:


Message History

The gnoll is heavily wounded.
You hit the adder. You hit the gnoll.
You block the gnoll's attack. x2; The adder bites you.
The gnoll hits you but does no damage. The gnoll hits you with a +0 flail.
You closely miss the adder.
The adder is almost dead.
You hit the gnoll but do no damage. You barely miss the gnoll.
The adder barely misses you. You block the adder's attack.
You block the gnoll's attack. The gnoll barely misses you.
You hit the adder but do no damage.
The adder is almost dead.
You hit the gnoll but do no damage. You closely miss the gnoll.
The adder barely misses you. The gnoll hits you but does no damage.
You block the gnoll's attack. The adder bites you.
You slash the adder!
You kill the adder!
You closely miss the gnoll. x2
The gnoll hits you but does no damage. The gnoll closely misses you.
The gnoll hits you but does no damage. The gnoll hits you with a +0 flail.
The orc hits you with a +0 flail.
You barely miss the gnoll.
The gnoll is heavily wounded.
You hit the orc but do no damage. You barely miss the gnoll.
The orc hits you but does no damage. The gnoll hits you but does no damage.
The gnoll hits you with a +0 flail.
You hit the gnoll but do no damage.
The gnoll is heavily wounded.
You closely miss the orc. You hit the gnoll. You block the orc's attack.
The gnoll hits you but does no damage. The gnoll hits you with a +0 flail.
You slash the gnoll!
You kill the gnoll!
You barely miss the gnoll. You hit the orc. The orc closely misses you.
You block the gnoll's attack. The orc closely misses you. The gnoll misses you.
You hit the gnoll but do no damage.
The gnoll is heavily wounded.
You closely miss the orc. The orc hits you with a +0 flail!
You die...

#....).#+####
#..............
#....%........####
#..........)......
#.................
#).....?..........
#..........>......
#..........g......
#........[@o(....(
#..........)......
###########+#.....
####


You could see a gnoll and an orc.

Vanquished Creatures
  2 gnolls (D:2)
  2 adders (D:2)
  A worm (D:2)
  2 endoplasms (D:1)
  4 giant cockroaches
  5 goblins (D:1)
  4 hobgoblins
  4 jackals (D:1)
  A quokka (D:1)
  3 ball pythons (D:1)
  2 bats
  3 frilled lizards (D:1)
  3 kobolds (D:1)
  4 rats (D:1)
40 creatures vanquished.

Notes
Turn   | Place    | Note
-------+----------+-------------------------------------------
     0 | D:1      | qw the Gargoyle Fighter began the quest for the Orb.
     0 | D:1      | Reached XP level 1. HP: 14/14 MP: 1/1
     0 | D:1      | 0 ||| qw: Version: 0.1.0-9-gbc19398
     0 | D:1      | 0 ||| qw: Game counter: 29
     0 | D:1      | 0 ||| qw: Always use a shield: true
     0 | D:1      | 0 ||| qw: God list: Okawaru
     0 | D:1      | 0 ||| qw: Allow faded altars: false
     0 | D:1      | 0 ||| qw: Do Orc after D:15 true
     0 | D:1      | 0 ||| qw: Do second Lair branch before Depths: true
     0 | D:1      | 0 ||| qw: Lair rune preference: random
     0 | D:1      | 0 ||| qw: Plans: Normal, Zot:1-4, God:TSO, Crypt, Tomb,
                  | Pan, Slime:5, Hells, Abyss, Orb
     0 | D:1      | 0 ||| PLANNING D:1-11
   291 | D:1      | Reached XP level 2. HP: 19/19 MP: 2/2
   546 | D:1      | Reached skill level 3 in Axes
   548 | D:1      | Reached XP level 3. HP: 23/23 MP: 3/3
  1080 | D:1      | 1080 ||| READING scroll labelled PETOMUCLUHE.
  1081 | D:1      | 1081 ||| READING scroll labelled ZOWNYL VEDWE.
  1082 | D:1      | 1082 ||| READING scroll labelled WEARPH MAOBLO.
  1083 | D:1      | 1083 ||| DRINKING 3 blue potions.
  1254 | D:2      | HP: 3/23 [gnoll/+0 flail (6)]
  1255 | D:2      | Reached XP level 4. HP: 3/28 MP: 4/4
  1255 | D:2      | 1255 ||| DRINKING 2 potions of heal wounds.
  1259 | D:2      | HP: 5/28 [gnoll/+0 flail (10)]
  1260 | D:2      | 1260 ||| DRINKING potion of heal wounds.
  1265 | D:2      | HP: 7/28 [gnoll/+0 flail (6)]
  1268 | D:2      | Slain by an orc

Levels and vault maps discovered:
D:1:      psy_arrival_heroes, layout_basic, st_stairs_5
D:2:      layout_basic

Skill      XL: |  1  2 |
---------------+-------+-----
Axes           | 2 3 |  3.9
Fighting       | |  3.2
Throwing       | |  0.8
Armour         | |  3.2
Shields        | |  3.2

Action                   |  1- 3 |  4- 6 || total
-------------------------+-------+-------++-------
Melee: War axe           |    80 |    12 ||    92
Throw: Javelin           |    10 |       ||    10
  Use: Scroll            |     3 |       ||     3
       Potion            |     1 |     2 ||     3
Armor: Scale mail        |    46 |    12 ||    58
Dodge: Dodged            |    45 |    16 ||    61
Block: Buckler           |    19 |     8 ||    27

Table legend:
 A = Non-vault XP
 B = Vault XP
 C = Vault XP percentage of total XP
 D = Non-vault monster count
 E = Vault monster count
 F = Vault count percentage of total count
                 A         B        C        D         E       F
            +---------+---------+-------+---------+---------+-------
      Total |     115 |       4 |   3.4 |      37 |       3 |   7.5
            +---------+---------+-------+---------+---------+-------
        D:1 |      49 |       4 |   7.5 |      29 |       3 |   9.4
        D:2 |      66 |       0 |   0.0 |       8 |       0 |   0.0
            +---------+---------+-------+---------+---------+-------
